 Dungeon Crawl Stone Soup version 0.31-a0-345-g1ebeae0 (webtiles) character file.

Game seed: 3176660620626710166

85010 Dawnplanks the Brawler (level 15, -3/136 HPs)
             Began as a Troll Shapeshifter on July 22, 2023.
             Was a High Priest of Trog.
             Slain by a sun demon (9 damage)
             ... summoned by an orc high priest
             ... on level 2 of the Orcish Mines.
             The game lasted 00:59:09 (18851 turns).

Dawnplanks the Brawler (Troll Shapeshifter)        Turns: 18851, Time: 00:59:10

Health: -3/136     AC:  6    Str: 33    XL:     15   Next: 36%
Magic:  14/14      EV: 16    Int:  4    God:    Trog [*****.]
Gold:   2164       SH: 22    Dex: 10    Spells: 14/14 levels left

rFire   + .          .
                       - Unarmed
rCold   + + .        S - +1 tower shield {rC+}
rNeg    . . .        a - +2 robe of the Wonderful Locust {rElec rPois rF+ SInv}
rPois   +            (helmet currently unavailable)
rElec   +            (cloak currently unavailable)
rCorr   .            (gloves unavailable)
SInv    +            (boots unavailable)
Will    +++..        o - amulet of reflection
Stlth   +            L - +5 ring of evasion
HPRegen 2.22/turn    O - +4 ring of slaying
MPRegen 0.14/turn

%: reflection, clarity
@: beast-form, strong-willed, on berserk cooldown, regenerating, slowed,
studying Shields, very slow
A: beast (slay +6), large, unfitting armour, claws 3, regeneration 1, shaggy fur
1, tough skin 1, clarity, cold resistance 1
a: Begin Untransformation, Renounce Religion, Berserk, Trog's Hand, Brothers in
Arms


You were on level 2 of the Orcish Mines.
You worshipped Trog.
Trog was extremely pleased with you.
You were a hulking beast.
You visited 4 branches of the dungeon, and saw 22 of its levels.
You also visited: Sewer and Ice Cave.

You collected 2220 gold pieces.
You spent 56 gold pieces at shops.

Inventory:

Hand Weapons
 j - the +8 mace of Xets {heavy, Will+ Int+4 Dex-3 SInv}
   (You found it on level 2 of the Dungeon)

   Int:       It affects your intelligence (+4).
   Dex:       It affects your dexterity (-3).
   SInv:      It lets you see invisible.
   Will:      It increases your willpower.
Missiles
 k - 3 throwing nets
 N - 14 boomerangs
 R - 21 large rocks (quivered)
Armour
 a - the +2 robe of the Wonderful Locust (worn) {rElec rPois rF+ SInv}
   (You found it on level 9 of the Dungeon)

   rF:        It protects you from fire.
   rElec:     It insulates you from electricity.
   rPois:     It protects you from poison.
   SInv:      It lets you see invisible.
 l - a +1 hat
 P - a +0 troll leather armour
 S - a +1 tower shield of cold resistance (worn)
Jewellery
 e - the ring of the Queen {Fly rCorr}
   (You acquired it on level 5 of the Dungeon)

   [ring of flight]

   Fly:       It grants you flight.
   rCorr:     It protects you from acid and corrosion.
 o - an amulet of reflection (around neck)
 u - a ring of fire
 B - a ring of see invisible
 G - a +6 ring of dexterity
 I - a ring of poison resistance
 L - a +5 ring of evasion (left claw)
 O - a +4 ring of slaying (right claw)
 W - a +4 ring of protection
 X - a ring of ice
Talismans
 c - a beast talisman
Wands
 t - a wand of charming (15)
 w - a wand of light (8)
 T - a wand of mindburst (3)
 V - a wand of iceblast (2)
Scrolls
 d - 3 scrolls of enchant weapon
 g - 2 scrolls of vulnerability {unknown}
 h - 4 scrolls of revelation {unknown}
 i - 9 scrolls of teleportation
 n - 2 scrolls of butterflies
 q - 4 scrolls of fear {unknown}
 r - 5 scrolls of fog
 s - 3 scrolls of enchant armour
 x - 3 scrolls of poison
 y - a scroll of brand weapon {unknown}
 A - 2 scrolls of noise {unknown}
 K - 2 scrolls of blinking {unknown}
 M - 2 scrolls of immolation {unknown}
 Q - 5 scrolls of amnesia {unknown}
Potions
 b - 4 potions of lignification
 f - 7 potions of cancellation
 m - 3 potions of haste
 p - 6 potions of brilliance
 v - 3 potions of enlightenment
 z - a potion of berserk rage
 C - a potion of heal wounds
 D - a potion of might
 E - a potion of attraction
 F - a potion of mutation
 H - 3 potions of curing
 Y - 3 potions of resistance
Miscellaneous
 J - a lightning rod (4/4)
 U - a tin of tremorstones (2/2)


   Skills:
 + Level 5.8 Fighting
 + Level 4.5 Throwing
 + Level 2.3 Armour
 + Level 9.6 Dodging
 + Level 11.9 Shields
 + Level 19.0 Unarmed Combat
 + Level 9.3 Shapeshifting


You had 14 spell levels left.
You didn't know any spells.
Your spell library contained the following spells:

 Spells                   Type           Power      Damage    Failure   Level
 Kiss of Death            Conj/Necr      0%         2d5       80%         1
 Magic Dart               Conj           0%         1d3       80%         1
 Necrotise                Necr           0%         1d4       80%         1
 Slow                     Hex            0%         N/A       80%         1
 Call Imp                 Summ           0%         N/A       90%         2
 Ensorcelled Hibernation  Hex/Ice        0%         N/A       90%         2
 Lesser Beckoning         Tloc           0%         N/A       90%         2
 Passwall                 Tmut/Erth      0%         N/A       90%         2
 Confusing Touch          Hex            0%         N/A       99%         3
 Gell's Gravitas          Tloc           0%         N/A       99%         3
 Ignite Poison            Fire/Tmut/Pois 0%         N/A       99%         3
 Mephitic Cloud           Conj/Pois/Air  0%         N/A       99%         3
 Ozocubu's Armour         Ice            0%         N/A       99%         3
 Swiftness                Air            0%         N/A       99%         3
 Teleport Other           Tloc           0%         N/A       99%         3
 Vampiric Draining        Necr           0%         2d6       99%         3
 Anguish                  Hex/Necr       0%         N/A       100%        4
 Animate Dead             Necr           0%         N/A       100%        4
 Cause Fear               Hex            0%         N/A       100%        4
 Dispel Undead            Necr           0%         3d6       100%        4
 Sticky Flame             Conj/Fire      0%         2d3       100%        4
 Agony                    Necr           0%         N/A       100%        5
 Metabolic Englaciation   Hex/Ice        0%         N/A       100%        5
 Yara's Violent Unravell  Hex/Tmut       0%         3d3       100%        5
 Simulacrum               Ice/Necr       0%         N/A       100%        6
 Haunt                    Necr/Summ      0%         N/A       100%        7
 Discord                  Hex            0%         N/A       100%        8
 Ignition                 Fire           0%         3d3       100%        8
 Infestation              Necr           0%         N/A       100%        8


Dungeon Overview and Level Annotations

Branches:
Dungeon (14/15)            Temple (1/1) D:5            Lair (5/5) D:11
 Shoals (0/4) Lair:2        Snake (0/4) Lair:2        Slime (0/5) Lair:4
    Orc (2/2) D:9           Sewer (visited)           IceCv (visited)
    Elf: Orc:2       Vaults: D:13-14

Altars:
Ashenzari
Cheibriados
Dithmenos
Elyvilon
Fedhas
Gozag
Hepliaklqana
Kikubaaqudgha
Makhleb
Nemelex Xobeh
Okawaru
Qazlal
Ru
Sif Muna
Trog
Uskayaw
Vehumet
Wu Jian
Xom
Yredelemnul
Zin
The Shining One
Jiyva

Shops:
D:1 (   D:3 [   D:5 [   D:7 [   D:9 =   Orc:2 !?!(

Annotations:
Temple 2 transporters


Innate Abilities, Weirdness & Mutations

You are a hulking beast.
Your limbs bulge with bestial killing power. (Slay +6)
You are too large for most types of armour.
You have claws for hands.
Your natural rate of healing is unusually fast.
You are covered in fur. (AC +1)
You have tough skin. (AC +1)
You possess an exceptional clarity of mind.
Your flesh is cold resistant. (rC+)


Message History

You block the sixfirhy's attack. x3; The orc closely misses you.
The chaos spawn splatters into many small globs of multi-coloured light, then recombines.
The sun demon misses you. The orc barely misses you.
The orc high priest mumbles some strange prayers.
Unknown command.
You mangle the orc!!
You kill the orc!
Trog accepts your kill. The sun demon hits you!
* * * LOW HITPOINT WARNING * * *
You are engulfed in flames!
You resist.
* * * LOW HITPOINT WARNING * * *
Your troll bites the chaos spawn.
Your troll barely misses the chaos spawn.
Your troll claws the chaos spawn.
The sun demon barely misses you. You block the chaos spawn's attack.
The chaos spawn attacks as you move away!
You block the chaos spawn's attack.
Your troll completely misses the chaos spawn.
Your troll barely misses the chaos spawn. x2
You block the sixfirhy's attack.
Your troll bites the chaos spawn!!
Your troll closely misses the chaos spawn.
Your troll claws the chaos spawn.
Your troll misses the chaos spawn.
Your troll claws the chaos spawn!
The chaos spawn dies!
The chaos spawn degenerates into a cloud of primal chaos!
You closely miss the sun demon.
Your troll closely misses the orc priest. x2
Your troll claws the orc priest.
You block the sun demon's attack.
Your skin crawls.
You feel strong-willed.
Your troll closely misses the orc priest.
Your troll claws the orc priest!
The orc priest dies!
Trog accepts your kill.
The orc high priest cheers noisily, as Orcs often do.
You block the sun demon's attack. The sun demon hits you!!
* * * LOW HITPOINT WARNING * * *
You are engulfed in flames!
You resist.
You die...

#................................
##............................^..
#.............#######.###.###.###
##............#∩....#.# #.# #.#..
#............#.....#.###.###.#..
#.............#.....#.........#..
#.............#o3oT.#.###.###.###
##.......)))..###3###.# #.# #....
#...............h.....# #.# #..8.
#.............###'##..###.###....
#............)#.)))#.............
............)#....#..#######.###
#.............#∩...#..# #.# #
.............######..#######.###
#...............................
##...............................
#....................###....#...#


You could see an orc high priest (ally target), a sun demon (summoned) and a
friendly troll (summoned, berserk).

Vanquished Creatures
  Frances (D:12)
  Kirke (D:12)
  A frost giant (IceCv)
  The ghost of Mango the Brawler, a journeyman DrBe of Trog (Lair:4)
  A dire elephant (Lair:5)
  The ghost of Vlans the Grappler, a journeyman TrSh of Okawaru (D:9)
  A fire dragon (Lair:5)
  Fannar (Lair:2)
  A rakshasa (D:11)
  4 hydras
  The ghost of dontdoit the Arsonist, a journeyman TeCA of Ignis (D:11)
  A centaur warrior (D:14)
  2 catoblepae (Lair:5)
  A boulder beetle (Lair:5)
  5 death yaks (IceCv)
  A two-headed ogre (D:14)
  The ghost of alcopop the Thaumaturge, a novice DjHu of Ashenzari (D:9)
  7 orc high priests
  Sonja (D:11)
  A skyshark (Lair:4)
  The ghost of Dega the Skirmisher, a novice SpHu of Dithmenos (D:9)
  An orange crystal statue (Lair:1)
  A glowing orange brain (D:11)
  An orc knight (Orc:2)
  3 lindwurms (Lair:5)
  A deep elf pyromancer (D:14)
  5 manticores
  An oklob plant (D:11)
  6 cyclopes
  An ugly thing (D:12)
  10 elephants
  6 black mambas
  An ice statue (IceCv)
  5 torpor snails (Lair:5)
  8 komodo dragons
  3 unseen horrors
  3 kobold demonologists (D:12)
  3 rime drakes
  16 cane toads
  11 polar bears (IceCv)
  2 trolls
  6 hornets (Lair:5)
  4 tyrant leeches (Lair:5)
  A wind drake (Lair:2)
  5 dream sheep (Lair:5)
  15 blink frogs
  Grinder (D:6)
  5 slime creatures (D:12)
  A vampire (D:11)
  2 wraiths
  62 yaks
  A shadow (D:11)
  7 wyverns
  3 hogs (D:12)
  8 basilisks
  3 vampire mosquitoes (D:10)
  A warg (Orc:2)
  A death yak simulacrum (Lair:3)
  19 water moccasins
  4 nagas (Lair:2)
  An acid dragon (D:12)
  15 orc warriors
  A black bear (D:5)
  34 wolves
  14 centaurs
  4 ogres
  7 kobold brigands
  5 scorpions
  11 bullfrogs
  3 gnoll sergeants (D:8)
  9 wights
  An elephant simulacrum (Lair:3)
  3 killer bees (D:11)
  3 electric eels (D:9)
  7 howler monkeys
  4 crimson imps (D:11)
  3 hounds
  4 jellies
  21 orc priests
  A gnoll bouda (D:4)
  An iguana (D:5)
  18 orc wizards
  A wolf simulacrum (Lair:3)
  14 gnolls
  10 adders
  5 river rats
  A shadow imp (D:7)
  2 ufetubi
  2 worms (D:2)
  3 dart slugs
  64 orcs
  8 endoplasms
  6 giant cockroaches
  8 hobgoblins
  5 jackals
  10 quokkas
  7 ball pythons
  2 bats
  9 frilled lizards
  6 goblins
  28 kobolds
  5 rats
638 creatures vanquished.

Vanquished Creatures (collateral kills)
  A two-headed ogre (Orc:2)
  2 orc high priests (Orc:2)
  A slime creature (D:11)
  A torpor snail (Lair:5)
  A komodo dragon (Lair:5)
  A rime drake (Lair:5)
  A troll (Orc:2)
  A wyvern (Lair:5)
  5 wargs (Orc:2)
  11 orc priests (Orc:2)
  A jelly (D:11)
  12 orcs (Orc:2)
38 creatures vanquished.

Vanquished Creatures (others)
  An orc (D:12)
  A kobold (D:12)
2 creatures vanquished.

Grand Total: 678 creatures vanquished

Notes
Turn   | Place    | Note
-------+----------+-------------------------------------------
     0 | D:1      | Dawnplanks the Troll Shapeshifter began the quest for the
                  | Orb.
     0 | D:1      | Reached XP level 1. HP: 18/18 MP: 0/0
   147 | D:1      | Reached XP level 2. HP: 26/26 MP: 1/1
   416 | D:1      | Found Qourid's Antique Weapon Shop.
   792 | D:2      | Found a bloodstained altar of Trog.
   797 | D:2      | Became a worshipper of Trog the Wrathful
   804 | D:2      | Reached XP level 3. HP: 21/32 MP: 2/2
   910 | D:2      | Identified the +8 mace of Xets {heavy, Will+ Int+4 Dex-3
                  | SInv}
  1205 | D:3      | Noticed a fire elemental
  1212 | D:3      | Found a stormy altar of Qazlal.
  1214 | D:3      | Noticed a water elemental
  1214 | D:3      | Noticed an air elemental
  1214 | D:3      | Noticed an earth elemental
  1287 | D:3      | Reached XP level 4. HP: 40/40 MP: 3/3
  1405 | D:3      | Found Lijostre's Armour Boutique.
  1425 | D:3      | Found a faded altar of an unknown god.
  1451 | D:3      | Reached skill level 4 in Unarmed Combat
  1721 | D:3      | Reached * piety under Trog
  1748 | D:3      | Found a glowing golden altar of the Shining One.
  2112 | D:4      | Reached skill level 1 in Fighting
  2112 | D:4      | Reached XP level 5. HP: 42/48 MP: 4/4
  2360 | D:4      | Found a glowing drain.
  2364 | Sewer    | Entered a sewer
  2383 | Sewer    | Reached skill level 5 in Unarmed Combat
  2383 | Sewer    | Reached XP level 6. HP: 17/55 MP: 5/5
  2477 | Sewer    | Reached ** piety under Trog
  2599 | Sewer    | Reached skill level 1 in Shields
  2698 | Sewer    | Reached XP level 7. HP: 53/62 MP: 6/6
  3463 | D:4      | Reached skill level 6 in Unarmed Combat
  3968 | D:5      | Entered Level 5 of the Dungeon
  4013 | D:5      | Found an ornate altar of the Wu Jian Council.
  4072 | D:5      | Found a staircase to the Ecumenical Temple.
  4083 | Temple   | Found a transporter.
  4083 | Temple   | Found a transporter.
  4083 | Temple   | Found a transporter.
  4083 | Temple   | Found a transporter.
  4083 | Temple   | Entered the Ecumenical Temple
  4386 | D:5      | Reached skill level 5 in Shapeshifting
  4463 | D:5      | Found Duore's Antique Armour Shoppe.
  4467 | D:5      | Reached XP level 8. HP: 56/71 MP: 7/7
  4578 | D:5      | Found a radiant altar of Vehumet.
  4605 | D:5      | Reached *** piety under Trog
  4606 | D:5      | Reached skill level 7 in Unarmed Combat
  4788 | D:5      | Found a sparkling altar of Nemelex Xobeh.
  4795 | D:5      | Identified a scroll of acquirement
  4796 | D:5      | Acquired the ring of the Queen {Fly rCorr}
  5032 | D:6      | Identified the staff "Sesmib" {rPois rN+ Int+2 Dex+4 Necro}
  5103 | D:6      | Noticed Grinder
  5116 | D:6      | Killed Grinder
  5232 | D:6      | Reached skill level 8 in Unarmed Combat
  5777 | D:7      | Found an opulent altar of Gozag.
  5896 | D:7      | Found Moradd's Antique Armour Shoppe.
  5942 | D:7      | Found a basalt altar of Yredelemnul.
  5977 | D:7      | Reached XP level 9. HP: 80/80 MP: 8/8
  6487 | D:7      | Reached skill level 9 in Unarmed Combat
  6676 | D:8      | Found a snail-covered altar of Cheibriados.
  6693 | D:8      | Identified the +1 leather armour of Mumblety Peg {-Cast rN+
                  | Dex+2}
  6827 | D:8      | Found a shimmering altar of Xom.
  7745 | D:8      | Reached skill level 10 in Unarmed Combat
  8050 | D:9      | Found a runed translucent gate.
  8050 | D:9      | Found a runed translucent gate.
  8050 | D:9      | Found a runed translucent gate.
  8220 | D:9      | Found a staircase to the Orcish Mines.
  8280 | D:9      | Reached **** piety under Trog
  8281 | D:9      | Reached skill level 1 in Throwing
  8346 | D:9      | Noticed a troll
  8350 | D:9      | Killed a troll
  8351 | D:9      | Reached XP level 10. HP: 84/91 MP: 9/9
  8481 | D:9      | Found Saynar's Jewellery Boutique.
  8693 | D:9      | Found an ancient bone altar of Kikubaaqudgha.
  8751 | D:9      | Reached skill level 11 in Unarmed Combat
  8754 | D:9      | Noticed Dega's ghost (novice SpHu)
  8754 | D:9      | Noticed alcopop's ghost (novice DjHu)
  8755 | D:9      | Noticed Vlans's ghost (journeyman TrSh)
  8776 | D:9      | Killed alcopop's ghost
  8777 | D:9      | Reached skill level 1 in Armour
  8777 | D:9      | Reached skill level 5 in Dodging
  8779 | D:9      | Killed Dega's ghost
  8784 | D:9      | Killed Vlans's ghost
  8795 | D:9      | Identified the +2 robe of the Wonderful Locust {rElec rPois
                  | rF+ SInv}
  8938 | D:10     | Entered Level 10 of the Dungeon
  9029 | D:10     | Gained mutation: Your flesh is cold resistant. (rC+)
                  | [potion of mutation]
  9029 | D:10     | Gained mutation: You possess an exceptional clarity of
                  | mind. [potion of mutation]
  9133 | D:10     | Reached skill level 12 in Unarmed Combat
  9212 | D:10     | Found a glowing silver altar of Zin.
  9561 | D:11     | Noticed a cyclops
  9565 | D:11     | You fall into a shaft and drop 3 floors!
  9587 | D:14     | Noticed a two-headed ogre
  9596 | D:14     | Killed a two-headed ogre
  9597 | D:14     | Reached XP level 11. HP: 91/97 MP: 10/10
  9598 | D:14     | Noticed a deep elf pyromancer
  9602 | D:14     | Killed a deep elf pyromancer
  9606 | D:14     | Noticed a centaur warrior
  9619 | D:14     | Killed a centaur warrior
  9673 | D:14     | Noticed an eight-headed hydra
  9695 | D:14     | Killed an eight-headed hydra
  9848 | D:12     | Noticed a purple ugly thing
  9931 | D:11     | Noticed an oklob plant
  9990 | D:11     | Found a staircase to the Lair.
 10018 | D:11     | Reached skill level 13 in Unarmed Combat
 10055 | D:11     | Found a runed translucent gate.
 10055 | D:11     | Found a runed translucent gate.
 10055 | D:11     | Found a runed translucent gate.
 10056 | D:11     | Found a viscous altar of Jiyva.
 10056 | D:11     | Noticed dontdoit's ghost (journeyman TeCA)
 10056 | D:11     | Noticed a glowing orange brain
 10274 | D:11     | Found a shimmering altar of Xom.
 10589 | D:11     | Noticed a rakshasa
 10598 | D:11     | Killed a rakshasa
 10829 | D:11     | Reached XP level 12. HP: 107/107 MP: 11/11
 10832 | D:11     | Killed dontdoit's ghost
 10839 | D:11     | Reached skill level 14 in Unarmed Combat
 10919 | Lair:1   | Entered Level 1 of the Lair of Beasts
 12021 | Lair:2   | Reached skill level 5 in Shields
 12050 | Lair:2   | Found a staircase to the Snake Pit.
 12051 | Lair:2   | Noticed Fannar
 12060 | Lair:2   | Killed Fannar
 12069 | Lair:2   | Reached skill level 15 in Unarmed Combat
 12571 | Lair:2   | Found a staircase to the Shoals.
 12602 | Lair:2   | Reached ***** piety under Trog
 12990 | Lair:3   | Reached XP level 13. HP: 107/117 MP: 12/12
 13173 | Lair:3   | Reached skill level 5 in Fighting
 13262 | Lair:3   | Reached skill level 16 in Unarmed Combat
 13280 | Lair:3   | Found a frozen archway.
 13309 | IceCv    | Entered an ice cave
 13886 | IceCv    | Noticed a frost giant
 13905 | IceCv    | Killed a frost giant
 14339 | Lair:3   | Reached skill level 17 in Unarmed Combat
 14793 | Lair:4   | Found a viscous altar of Jiyva.
 14794 | Lair:4   | Found a staircase to the Slime Pits.
 14856 | Lair:4   | Found a runed translucent door.
 14856 | Lair:4   | Noticed Mango's ghost (journeyman DrBe)
 14888 | Lair:4   | Killed Mango's ghost
 14922 | Lair:4   | Acquired a manual of Shields
 14930 | Lair:4   | Received a gift from Trog
 15068 | Lair:4   | Reached XP level 14. HP: 78/127 MP: 13/13
 15798 | Lair:5   | Entered Level 5 of the Lair of Beasts
 16138 | Lair:5   | Received a gift from Trog
 16365 | Lair:5   | Got the Writings on Charms
 16689 | Lair:5   | Reached skill level 18 in Unarmed Combat
 16836 | Lair:5   | Reached skill level 10 in Shields
 16900 | Lair:5   | Found a runed translucent door.
 17450 | D:11     | Noticed Sonja
 17456 | D:11     | Killed Sonja
 17614 | D:12     | Noticed Kirke
 17627 | D:12     | Killed Kirke
 17657 | D:12     | Noticed Frances
 17664 | D:12     | Killed Frances
 17665 | D:12     | Reached XP level 15. HP: 136/136 MP: 14/14
 18081 | Orc:1    | Entered Level 1 of the Orcish Mines
 18104 | Orc:1    | Received a gift from Trog
 18368 | Orc:2    | Entered Level 2 of the Orcish Mines
 18489 | Orc:2    | Found Daacitae's Weapon Shop.
 18489 | Orc:2    | Found Qaum Jirre's Distillery.
 18618 | Orc:2    | Bought a potion of might for 56 gold pieces
 18812 | Orc:2    | Found Malour's Magic Scroll Shop.
 18829 | Orc:2    | Reached skill level 19 in Unarmed Combat
 18832 | Orc:2    | Found Kojock's Distillery.
 18851 | Orc:2    | HP: 6/136 [sun demon[an orc high priest] (23)]
 18851 | Orc:2    | Slain by a sun demon

Illustrated notes

Levels and vault maps discovered:
D:1:      scummos_arrival_checkerplants, layout_loops_corners, serial_shops,
          shop, minmay_curled_crystal
D:2:      layout_rooms, basic_altar, minmay_misc_feat_columns
D:3:      layout_loops_cross, nicolae_tso_swordbearing_angel,
          nicolae_qazlal_style_of_elements, serial_shops,
          nicolae_shop_tiny_statue_garden,
          shapermc_ecumenical_altar_totnotflames
D:4:      layout_layer_cave, gup_sewer_entry_spiral
D:5:      layout_basic, nicolae_wu_jian_wuxing_cycle,
          mainiacjoe_overflow_concentric_impassable, nemelex_dance_club_becter,
          minmay_temple_entry_junction_2, serial_shops, shop_statue
D:6:      layout_basic, uniq_grinder
D:7:      layout_basic, mainiacjoe_overflow_boulevard,
          yredelemnul_altar_generic, serial_shops, nicolae_lakefront_shop
D:8:      layout_layer_cave, old_standard_altar, cheibriados_altar_1,
          chequers_serial_rivers_micro_a
D:9:      layout_stronghold, mainiacjoe_overflow_cross_hatched, erik_orc_2,
          serial_shops, nicolae_shop_gaudy_bauble, gammafunk_ghost_cemetery
D:10:     layout_basic, mainiacjoe_overflow_alcove_4
D:11:     layout_irregular_city, dpeg_oklobed_lair, gammafunk_ghost_ooze,
          led_xom_imps, uniq_sonja
D:12:     minmay_bubble_buster, layout_rooms, uniq_frances, uniq_kirke
D:13:     layout_roguey, uniq_rupert
D:14:     layout_roguey, hangedman_vaults_entry_quadrant_bands,
          minmay_misc_feat_x, lightli_minifort
Temple:   hellmonk_temple_divided_pantheon
Lair:1:   statuecave_lemuel, layout_cave_pods
Lair:2:   layout_gridlike, minmay_shoals_entry_beasts,
          minmay_snake_entry_guardpost_small, beast_lair_carwin_2,
          infiniplex_staircase_pool, uniq_fannar
Lair:3:   layout_small_grid, portal_ice_cave_entry_ice_simulacra
Lair:4:   layout_regular_city, dpeg_slime_entry_corner,
          hellmonk_ghost_happy_afterlife
Lair:5:   hangedman_lair_in_review, layout_big_grid, wormcave,
          kennysheep_basilisk_garden
Orc:1:    layout_caves
Orc:2:    st_orc_town, layout_caves, lightli_orcish_oven

Skill      XL: |  1  2  3  4  5  6  7  8  9 10 11 12 13 14 15 |
---------------+----------------------------------------------+-----
Dodging        | 2 3 4 5 6 7 8 9 |  9.6
Unarmed Combat | 4 5 6 8 10 12 13 15 17 18 19 | 19.0
Fighting       | 1 2 3 4 5 |  5.8
Shapeshifting  | 4 5 6 7 8 9 |  9.3
Shields        | 1 2 3 4 5 7 10 11 | 11.9
Throwing       | 1 3 4 |  4.5
Armour         | 2 |  2.3

Action                     |  1- 3 |  4- 6 |  7- 9 | 10-12 | 13-15 || total
---------------------------+-------+-------+-------+-------+-------++-------
  Melee: Unarmed           |    88 |   149 |   252 |   343 |   752 ||  1584
         Punch             |     1 |     3 |     7 |    24 |    11 ||    46
         Mace              |       |       |       |       |    14 ||    14
  Throw: Boomerang         |       |       |    19 |     4 |       ||    23
         Stone             |       |       |    18 |       |       ||    18
         Large rock        |       |       |       |    11 |       ||    11
 Invoke: Berserk           |       |     1 |     3 |     6 |    14 ||    24
         Trog's Hand       |       |       |     2 |     3 |     6 ||    11
         Brothers in Arms  |       |       |       |     4 |     6 ||    10
    Use: Scroll            |       |       |    10 |     5 |     7 ||    22
         Potion            |       |       |       |     2 |     4 ||     6
   Stab: Sleeping          |     1 |     3 |       |     2 |       ||     6
         Distracted        |       |       |       |     2 |       ||     2
         Petrified         |       |       |       |       |     5 ||     5
 Armour: Animal skin       |    21 |    29 |    33 |       |       ||    83
         Robe              |       |       |       |    52 |    90 ||   142
         Troll leather arm |       |       |       |    10 |       ||    10
         Skin              |       |       |       |     8 |       ||     8
  Dodge: Dodged            |    29 |    47 |    85 |   141 |   277 ||   579
  Block: Other             |       |    22 |    36 |    74 |    24 ||   156
         Reflection        |       |     1 |     2 |     9 |    14 ||    26
         Tower shield      |       |       |       |       |   643 ||   643

Table legend: (Time is in decaauts)
 A = Elapsed time spent in this place.
 B = Non-inter-level travel time spent in this place.
 C = Inter-level travel time spent in this place.
 D = Time resting spent in this place.
 E = Time spent auto-exploring this place.
 F = Levels seen in this place.
 G = Mean time per level.
                   A        B        C        D        E       F      G
               +--------+--------+--------+--------+--------+-----+--------+
         Total |  18846 |  17759 |   1087 |    760 |  13718 |  24 |  785.2 |
       Dungeon |  10775 |  10076 |    699 |    379 |   8055 |  14 |  769.6 |
        Temple |     37 |     37 |      0 |      0 |      0 |   1 |   37.0 |
          Lair |   5687 |   5310 |    377 |    311 |   4049 |   5 | 1137.4 |
  Orcish Mines |    741 |    731 |     10 |      1 |    541 |   2 |  370.5 |
         Sewer |    753 |    753 |      0 |     25 |    516 |   1 |  753.0 |
      Ice Cave |    851 |    851 |      0 |     43 |    556 |   1 |  851.0 |
               +--------+--------+--------+--------+--------+-----+--------+

Top non-repeatable levels by time:
  Lair:5: 1538 daAuts
     D:8: 1332 daAuts
     D:4: 1315 daAuts
    D:11: 1140 daAuts
     D:9: 1129 daAuts
  Lair:4: 1116 daAuts
  Lair:1: 1071 daAuts
  Lair:2: 995 daAuts
  Lair:3: 965 daAuts
     D:7: 863 daAuts
   IceCv: 851 daAuts
     D:5: 832 daAuts
     D:6: 824 daAuts
     D:3: 808 daAuts
     D:1: 789 daAuts
